 Dungeon Crawl Stone Soup version 0.18.1-48-g4cf74bf (webtiles) character file.

43 Gargoyl the Skirmisher (level 3, -3/29 HPs)
             Began as a Demonspawn Abyssal Knight on July 19, 2016.
             Was a Follower of Lugonu.
             Slain by a worm (9 damage)
             ... on level 1 of the Dungeon.
             The game lasted 00:03:11 (782 turns).

Gargoyl the Skirmisher (Demonspawn Abyssal Knight)   Turns: 782, Time: 00:03:12

Health: -3/29      AC:  3    Str: 13    XL:     3   Next: 37%
Magic:  5/5        EV: 11    Int: 13    God:    Lugonu [*.....]
Gold:   44         SH:  0    Dex: 12    Spells: 0 memorised, 2 levels left

rFire  . . .     SeeInvis .     a - +1 hand axe
rCold  . . .     Gourm    .     b - +0 leather armour
rNeg   . . .     Faith    .     (no shield)
rPois  .         Spirit   .     (no helmet)
rElec  .         Dismiss  .     (no cloak)
rCorr  .         Reflect  .     (no gloves)
SustAt .         Harm     .     (no boots)
MR     .....                    (no amulet)
Stlth  +.........               (no ring)
                                (no ring)

@: flying (expiring), very slightly contaminated, hasted, very quick, not
resistant to hostile enchantments, very unstealthy
A: powered by pain 1
a: Depart the Abyss, Renounce Religion


You were on level 1 of the Dungeon.
You worshipped Lugonu.
Lugonu was aware of your devotion.
You were not hungry.

You visited 1 branch of the dungeon, and saw 1 of its levels.
You visited the Abyss 1 time.

You collected 44 gold pieces.

Inventory:

Hand Weapons
 a - a +1 hand axe (weapon)
Armour
 b - a +0 leather armour (worn)
Scrolls
 f - a scroll of random uselessness {unknown}
 g - 2 scrolls of blinking {unknown}
 h - a scroll of enchant weapon {unknown}
 i - 2 scrolls of enchant armour {unknown}
 j - 2 scrolls of fear {unknown}
Miscellaneous
 e - an ornate deck of defence {drawn: 7}
Comestibles
 c - a bread ration
 l - a beef jerky


   Skills:
 + Level 3.4 Fighting
 + Level 2.4 Axes
 + Level 2.0 Armour
 + Level 1.4 Dodging
 + Level 0.2 Stealth
 + Level 2.7 Invocations


You had 2 spell levels left.
You didn't know any spells.

Dungeon Overview and Level Annotations

Branches:
Dungeon (1/15)

Altars:


Innate Abilities, Weirdness & Mutations

You sometimes gain a little power by taking damage.


Message History

The ooze is severely wounded.
The giant cockroach waves its antennae.
The ooze barely misses you.
Drink which item? (? for menu, Esc to quit)
It was a potion of haste.
You feel yourself speed up. The ooze hits you but does no damage.
You are very lightly contaminated with residual magic.
Drink which item? (? for menu, Esc to quit)
It was a potion of cure mutation.
It has a very clean taste.
The ooze hits you.
* * * LOW HITPOINT WARNING * * *
You draw a card...
It is the Tomb.
Walls emerge from the floor!
You hit the ooze.
You kill the ooze!
Lugonu accepts your kill.
You draw a card...
It is the Cloud.
Clouds appear around you!
You draw a card...
It is the Cloud.
Nothing appears to happen.
You draw a card...
It is the Elixir.
You are starting to lose your buoyancy.
The worm bites you!
You die...

.###############..##.............
.#.............#..###..##..####.#
.#.............#..####..#####...#
.#......w.%....#.....##.## ##.###
.#######†#######.)##.##..###.>###
.#......r.s....#§###............#
.+⌠....###.JJ.⌠Js# ######....##..
.#......<....(.#w# #..######
.#..⌠...>...⌠..#@# #..######
.###'#######+##### ######....##..
.....^.........†.# #..........#.#
#.#####.#####.#### #........#.#.#
#.# #.####..# #........#.... #.#
#......## #........#...# #.#
##...### #........#..## #.# #.###
###.###.....## #.######.####
###..##.......#


You could see a worm, an ooze and a giant cockroach.

Vanquished Creatures
  4 oozes (D:1)
  A worm (D:1)
  A dart slug (D:1)
  4 giant cockroaches (D:1)
  A hobgoblin (D:1)
  2 jackals (D:1)
  3 bats (D:1)
  A giant newt (D:1)
  A kobold (D:1)
  5 rats (D:1)
23 creatures vanquished.

Notes
Turn   | Place    | Note
--------------------------------------------------------------
     0 | Abyss:1  | Gargoyl the Demonspawn Abyssal Knight began the quest for the Orb.
     0 | Abyss:1  | Reached XP level 1. HP: 18/18 MP: 2/2
    31 | Abyss:2  | Noticed a reaper
    47 | D:1      | Escaped the Abyss
    49 | D:1      | Found a runed door.
   170 | D:1      | Reached * piety under Lugonu
   391 | D:1      | Gained mutation: You sometimes gain a little power by taking damage. [demonic ancestry]
   391 | D:1      | Reached XP level 2. HP: 22/24 MP: 3/3
   718 | D:1      | Reached skill level 1 in Dodging
   760 | D:1      | Reached XP level 3. HP: 17/29 MP: 5/5
   782 | D:1      | Slain by a worm

Skill      XL: |  1  2 |
---------------+-------+-----
Axes           | 2 |  2.4
Dodging        | 1 |  1.4
Armour         | 2 |  2.0
Fighting       | |  3.4
Stealth        | |  0.2
Invocations    | |  2.7

Action                   || total
-------------------------++-------
Melee: Hand axe          ||    82
Invok: Depart the Abyss  ||     1
Evoke: Deck              ||     7
  Use: Potion            ||     4
Armor: Leather armour    ||    35
Dodge: Dodged            ||    54
